[Event "ICC tourney 2834 (40 10)"]
[Site "Internet Chess Club"]
[Date "2022.02.26"]
[Round "5"]
[White "PADIYAR, SUNMAY:sunmay12"]
[Black "JAIN, PARINYA:StockAlpha2020"]
[Result "1-0"]
[ICCResult "Black resigns"]
[WhiteElo "1320"]
[BlackElo "1478"]
[Opening "Vienna game, Max Lange defense"]
[ECO "C25"]
[NIC "VG.04"]
[Time "20:00:24"]
[PlyCount "73"]
[TimeControl "2400+10"]

1. e4 e5 2. Nc3 Nc6 3. Bc4 Bc5 4. Qg4 Qf6 5. Nd5 Qxf2+ 6. Kd1 Kf8 7. Nh3 Qd4
8. d3 Bb6 9. Rf1 d6 10. Qg3 Nd8 11. Ng5 f6 12. a4 a5 13. c3 Qc5 14. Be3 Qc6
15. Bb5 Bxe3 16. Bxc6 bxc6 17. Nxe3 h6 18. Nh3 Ne7 19. Nf5 Nxf5 20. exf5 Nf7
21. Kc2 Rb8 22. Rae1 Ba6 23. Rf2 Ke7 24. Nf4 Rhe8 25. Qxg7 Rg8 26. Ng6+ Kd7
27. Qxf7+ Kc8 28. Qxg8+ Kb7 29. Qb3+ Ka7 30. Qf7 Rb7 31. Qxf6 c5 32. Ne7 Rb6
33. Nd5 Rb7 34. Qxh6 c6 35. Qxd6 cxd5 36. Qxc5+ Ka8 37. Rxe5 {Black resigns}
1-0

[Event "ICC tourney 2834 (40 10)"]
[Site "Internet Chess Club"]
[Date "2022.02.26"]
[Round "5"]
[White "JIMENEZ, LUIS A:eltuna"]
[Black "CAI, ALAN ZHUOCHENG:flying-ninja"]
[Result "0-1"]
[ICCResult "White resigns"]
[WhiteElo "1440"]
[BlackElo "1344"]
[Opening "Réti opening"]
[ECO "A06"]
[NIC "QP.09"]
[Time "20:00:16"]
[PlyCount "86"]
[TimeControl "2400+10"]

1. Nf3 d5 2. e3 Bf5 3. b3 Nf6 4. Bb2 e6 5. Nh4 Bg6 6. Nxg6 hxg6 7. g3 Bd6 8.
Bg2 O-O 9. O-O c5 10. c4 Nc6 11. d4 cxd4 12. cxd5 Nxd5 13. Bxd5 exd5 14.
Bxd4 Nxd4 15. Qxd4 Qf6 16. Qxf6 gxf6 17. Nc3 Be5 18. Rac1 d4 19. exd4 Bxd4
20. Rfd1 Rfd8 21. Nb5 Bb6 22. Rd6 Kg7 23. Rcd1 Re8 24. Rxb6 axb6 25. Nc7
Red8 26. Re1 Rxa2 27. Re7 Kf8 28. Re3 Rc2 29. Nb5 Rdd2 30. Rf3 Kg7 31. Na3
Rc1+ 32. Kg2 Rcd1 33. Nc4 Rd3 34. Rxd3 Rxd3 35. Nxb6 Rxb3 36. Nd7 b5 37. Nc5
Rb1 38. Kf3 b4 39. Ke3 b3 40. Ne4 b2 41. Nc3 Re1+ 42. Kd2 b1=Q 43. Nxb1 Rxb1
{White resigns}
0-1

[Event "ICC tourney 2834 (40 10)"]
[Site "Internet Chess Club"]
[Date "2022.02.26"]
[Round "5"]
[White "ZHOU, ALEXANDER ZHENG:Lailaiking"]
[Black "JACOBS, STEVE:Steviejay"]
[Result "1-0"]
[ICCResult "Black forfeits on time"]
[WhiteElo "1109"]
[BlackElo "1229"]
[Opening "Caro-Kann: exchange variation"]
[ECO "B13"]
[NIC "CK.02"]
[Time "20:01:14"]
[PlyCount "103"]
[TimeControl "2400+10"]

1. e4 c6 2. d4 d5 3. exd5 cxd5 4. Nf3 Nf6 5. c3 Nc6 6. Bf4 Bg4 7. Nbd2 e6 8.
Be2 Be7 9. h3 Bh5 10. Ne5 Bxe2 11. Qxe2 Rc8 12. O-O O-O 13. Ndf3 h6 14. Bg3
Bd6 15. Rfe1 Re8 16. Rad1 Ne4 17. Bh2 f6 18. Ng4 Bxh2+ 19. Kxh2 Qc7+ 20. Kh1
Ne7 21. Nd2 Nxd2 22. Qxe6+ Kh8 23. Rxd2 Nf5 24. Qxe8+ Rxe8 25. Rxe8+ Kh7 26.
Rde2 Qc4 27. a3 h5 28. Nh2 Qd3 29. Re1 Qc2 30. R8e2 Qb3 31. Nf1 h4 32. Ne3
Nxe3 33. fxe3 f5 34. Kh2 g6 35. g3 hxg3+ 36. Kxg3 Kh6 37. Rg1 Qc4 38. Rgg2
Qd3 39. Kf2 g5 40. Rg3 Qe4 41. Rf3 Qh4+ 42. Kg2 Qe4 43. Kg3 f4+ 44. Kg2 Kh5
45. Kf2 Kh4 46. exf4 Qb1 47. f5 Qh1 48. f6 Qh2+ 49. Ke1 Qh1+ 50. Rf1 Qxh3
51. f7 Qg3+ 52. Kd2 {Black forfeits on time} 1-0

[Event "ICC tourney 2834 (40 10)"]
[Site "Internet Chess Club"]
[Date "2022.02.26"]
[Round "5"]
[White "Nagarajan, Ramesh:rnagaraj"]
[Black "Francis-Emonds, Nico Maximilian:nemonds9"]
[Result "1-0"]
[ICCResult "Black resigns"]
[WhiteElo "1282"]
[BlackElo "1365"]
[Opening "Scandinavian (center counter) defense"]
[ECO "B01"]
[NIC "SD.02"]
[Time "20:00:18"]
[PlyCount "135"]
[TimeControl "2400+10"]

1. e4 d5 2. exd5 Qxd5 3. Nc3 Qd8 4. d4 e6 5. f4 g6 6. Nf3 Bg7 7. Bc4 Ne7 8.
Be3 Nf5 9. Bf2 b6 10. Ne5 Bb7 11. Bb5+ c6 12. Be2 Nd7 13. Bf3 Nxe5 14. fxe5
a6 15. g4 Ne7 16. h4 h6 17. Qe2 Qc7 18. Ne4 O-O 19. Nd6 Nc8 20. Nxb7 Qxb7
21. O-O-O Ne7 22. Qd2 Qc7 23. Be3 Kh7 24. Be4 Rh8 25. h5 Kg8 26. hxg6 fxg6
27. Bxh6 Rd8 28. Qg5 c5 29. Bxg6 Nxg6 30. Qxg6 cxd4 31. Qxe6+ Qf7 32. Qxf7+
Kxf7 33. Bg5 Rxh1 34. Bxd8 Rh6 35. Rf1+ Ke6 36. Bxb6 Kxe5 37. Bd8 Rc6 38. g5
d3 39. Kd2 dxc2 40. Kc1 Ke4 41. Bf6 Bf8 42. Bc3 Be7 43. Re1+ Kf5 44. Rxe7
Kxg5 45. Kxc2 Kf5 46. a4 Rc5 47. b4 Rc6 48. Kb3 Kf4 49. Rb7 Ke4 50. b5 axb5
51. Rxb5 Ra6 52. Kb4 Kd3 53. Bh8 Ra8 54. Ba1 Ke4 55. a5 Kd3 56. Rb6 Ke4 57.
Kb5 Kd5 58. a6 Ke4 59. Rb7 Rd8 60. Rc7 Rd1 61. Rc4+ Kd5 62. Rc5+ Kd6 63.
Be5+ Kd7 64. Kb6 Rb1+ 65. Rb5 Ra1 66. Kb7 Rc1 67. a7 Rc7+ 68. Bxc7
{Black resigns}
1-0

[Event "ICC tourney 2834 (40 10)"]
[Site "Internet Chess Club"]
[Date "2022.02.26"]
[Round "5"]
[White "PARAGUA, MEGAN ALTHEA:PrincessOfChess"]
[Black "SISTA, SAI VIJAY HIMAGHNA:Chessboy5"]
[Result "1-0"]
[ICCResult "Black checkmated"]
[WhiteElo "1490"]
[BlackElo "1394"]
[Opening "Réti opening"]
[ECO "A04"]
[NIC "QP.10"]
[Time "20:00:18"]
[PlyCount "137"]
[TimeControl "2400+10"]

1. Nf3 c5 2. e3 d5 3. d4 Nc6 4. Be2 Bf5 5. O-O Nf6 6. b3 e6 7. Bb2 Bd6 8.
Nbd2 O-O 9. c4 b6 10. a3 Rc8 11. Rc1 Qe7 12. dxc5 bxc5 13. cxd5 exd5 14. Ba6
Rb8 15. h3 Ne4 16. Re1 Nxd2 17. Nxd2 Ne5 18. Nf3 Nxf3+ 19. Qxf3 Be4 20. Qh5
Bg6 21. Qxd5 Rfd8 22. Qc4 Qf8 23. Rcd1 Bc7 24. b4 h6 25. Rxd8 Rxd8 26. Qxc5
Qxc5 27. bxc5 Rd2 28. Bc3 Rc2 29. Bb4 Bf5 30. e4 Be6 31. Rd1 Kh7 32. Kf1 Be5
33. Rd2 Rc1+ 34. Ke2 Bb3 35. g3 Bc3 36. Bxc3 Rxc3 37. Rd3 Rc2+ 38. Ke3 Be6
39. Kd4 Bxh3 40. Rc3 Rxf2 41. c6 Rd2+ 42. Ke3 Rd8 43. c7 Re8 44. c8=Q Bxc8
45. Bxc8 g6 46. Rc7 Kg8 47. Kf4 a5 48. a4 Kf8 49. Ba6 Ra8 50. Bc4 f5 51.
exf5 gxf5 52. Rh7 Rd8 53. Rh8+ Ke7 54. Rxd8 Kxd8 55. Kxf5 Kc7 56. Kg6 Kb6
57. Kxh6 Kc5 58. Bb5 Kd6 59. g4 Ke7 60. g5 Kf8 61. g6 Kg8 62. g7 Kf7 63.
Bc4+ Ke7 64. g8=Q Kd7 65. Qe6+ Kc7 66. Bb5 Kb7 67. Qd7+ Kb8 68. Ba6 Ka8 69.
Qb7# {Black checkmated} 1-0

[Event "ICC tourney 2834 (40 10)"]
[Site "Internet Chess Club"]
[Date "2022.02.26"]
[Round "5"]
[White "WESLEY, GEORGE:Maglars"]
[Black "Pao, Hobart:hhp2122"]
[Result "0-1"]
[ICCResult "White checkmated"]
[WhiteElo "1132"]
[BlackElo "1285"]
[Opening "English opening"]
[ECO "A16"]
[NIC "EO.64"]
[Time "20:00:22"]
[PlyCount "86"]
[TimeControl "2400+10"]

1. c4 Nf6 2. Nc3 g6 3. g3 d5 4. cxd5 Nxd5 5. Ne4 Bg7 6. e3 Bf5 7. Bg2 Nc6 8.
d4 O-O 9. Nc5 Nf6 10. Nxb7 Qd7 11. Nc5 Qd6 12. Qa4 Nd5 13. e4 Nb6 14. Qd1
Bxd4 15. Nd3 Bd7 16. Ne2 Bg7 17. a3 e5 18. O-O Rad8 19. Qc2 Bg4 20. f3 Qxd3
21. Qxd3 Rxd3 22. fxg4 Rfd8 23. Nc3 f6 24. g5 fxg5 25. Bxg5 R8d7 26. Bh3
R7d4 27. Be6+ Kh8 28. Bf6 Bxf6 29. Rxf6 Kg7 30. Rf7+ Kh6 31. Rxc7 Nd8 32.
Bb3 Rd2 33. Rb1 Ne6 34. Bxe6 Na4 35. Nxa4 Rxa4 36. Bg8 Rxe4 37. Rxh7+ Kg5
38. h4+ Kg4 39. Be6+ Kxg3 40. Rf7 Ree2 41. Rff1 Rg2+ 42. Kh1 Rh2+ 43. Kg1
Rdg2# {White checkmated} 0-1